 Dungeon Crawl Stone Soup version 0.31-a0-198-g2ad674f65e (webtiles) character file.

Game seed: 16150417432205303527

163 qw the Skirmisher (level 5, 0/29 HPs)
             Began as a Deep Elf Hunter on June 25, 2023.
             Slain by an iguana (3 damage)
             ... on level 3 of the Dungeon.
             The game lasted 00:00:42 (1882 turns).

qw the Skirmisher (Deep Elf Hunter)                 Turns: 1882, Time: 00:00:42

Health: 0/29       AC:  7    Str: 10    XL:     5   Next: 20%
Magic:  7/7        EV: 11    Int: 14    God:
Gold:   86         SH:  0    Dex: 18    Spells: 4/4 levels left

rFire   . . .        Y - +0 shortbow
rCold   . . .        (shield currently unavailable)
rNeg    . . .        g - +0 ring mail
rPois   .            j - +0 helmet
rElec   .            b - +0 cloak
rCorr   .            (no gloves)
SInv    .            (no boots)
Will    .....        d - amulet of regeneration
Stlth   +            (no ring)
HPRegen 1.04/turn    (no ring)
MPRegen 0.10/turn

%: no passive effects
@: no status effects
A: no striking features
a: no special abilities


You were on level 3 of the Dungeon.
You visited 1 branch of the dungeon, and saw 3 of its levels.

You collected 86 gold pieces.


   Skills:
 - Level 1.5 Fighting
 + Level 8.6 Ranged Weapons
 - Level 2.4 Dodging
 - Level 1.2 Stealth


You had 4 spell levels left.
You didn't know any spells.
Your spell library was empty.

Inventory:

Hand Weapons
 Y - a +0 shortbow (weapon)
Armour
 b - a +0 cloak (worn)
 g - a +0 ring mail (worn)
 j - a +0 helmet (worn)
Jewellery
 d - an amulet of regeneration (around neck)
Scrolls
 a - a scroll of identify {unknown}
Potions
 c - a potion of haste {unknown}
 e - a potion of attraction {unknown}
 f - a potion of curing
 i - a potion of invisibility {unknown}

Dungeon Overview and Level Annotations

Branches:
Dungeon (3/15)

Altars:


Message History

The arrow hits the iguana but does no damage.
The iguana is severely wounded.
The iguana bites you but does no damage.
You shoot an arrow. The arrow barely misses the iguana.
The ball python barely misses you. The ball python grabs you.
The ball python constricts you. The ball python barely misses you.
The ball python constricts you. The iguana bites you.
You shoot an arrow.
The arrow closely misses the ball python.
The ball python bites you but does no damage.
The ball python constricts you.
A worm comes into view.
The iguana bites you but does no damage.
You shoot an arrow.
The arrow barely misses the ball python.
The ball python bites you but does no damage.
The ball python constricts you.
The iguana bites you but does no damage.
You shoot an arrow.
The arrow barely misses the ball python.
The ball python misses you. The ball python constricts you.
The iguana bites you!
The ball python bites you but does no damage.
The ball python constricts you.
You shoot an arrow. The arrow hits the ball python.
The ball python is moderately wounded.
The ball python bites you but does no damage.
The ball python constricts you. The iguana bites you.
You shoot an arrow. The arrow hits the ball python.
You kill the ball python!
The iguana closely misses you.
You shoot an arrow.
The arrow hits the iguana but does no damage.
The iguana is severely wounded.
The iguana bites you!
You shoot an arrow.
The arrow hits the iguana but does no damage.
The iguana is severely wounded.
The iguana bites you. x2
You die...

#..........#
#......#.###
#......#.#
#......#.#
########.#
#..#
##.#######.
#..........
#.@#######.
#.%l....#
#.......#
.w......#
#........#
#..#######
#.. ...


You could see a worm and an iguana.

Vanquished Creatures
  An orc priest (D:3)
  Robin (D:2)
  4 gnolls (D:3)
  2 adders (D:2)
  2 worms (D:2)
  2 orcs (D:3)
  7 ball pythons
  2 bats (D:1)
  5 endoplasms
  3 giant cockroaches
  7 goblins
  5 hobgoblins
  A quokka (D:2)
  4 frilled lizards
  7 kobolds
  9 rats
62 creatures vanquished.

Notes
Turn   | Place    | Note
-------+----------+-------------------------------------------
     0 | D:1      | qw the Deep Elf Hunter began the quest for the Orb.
     0 | D:1      | Reached XP level 1. HP: 12/12 MP: 3/3
     0 | D:1      | 0 ||| qw: Version: 0.3-a-22-g0ed2b0b
     0 | D:1      | 0 ||| qw: Game counter: 5278
     0 | D:1      | 0 ||| qw: Melee chars always use a shield: true
     0 | D:1      | 0 ||| qw: God list: Okawaru
     0 | D:1      | 0 ||| qw: Allow faded altars: false
     0 | D:1      | 0 ||| qw: Do Orc after clearing Dungeon:15 true
     0 | D:1      | 0 ||| qw: Do second Lair branch before Depths: true
     0 | D:1      | 0 ||| qw: Lair rune preference: random
     0 | D:1      | 0 ||| qw: Goals: Normal
     0 | D:1      | 0 ||| PLANNING D:1-11
   152 | D:1      | Reached XP level 2. HP: 16/16 MP: 4/4
   163 | D:1      | Reached skill level 6 in Ranged Weapons
   543 | D:1      | Found a faded altar of an unknown god.
   796 | D:1      | 796 ||| UPGRADING to amulet of regeneration.
   801 | D:1      | 801 ||| DROPPING +6 ring of intelligence.
   802 | D:1      | 802 ||| DRINKING 2 fuming blue potions.
   803 | D:1      | 803 ||| DROPPING scroll of butterflies.
  1010 | D:2      | Reached XP level 3. HP: 20/20 MP: 5/5
  1259 | D:2      | Reached skill level 7 in Ranged Weapons
  1409 | D:2      | Noticed Robin
  1423 | D:2      | Reached XP level 4. HP: 9/25 MP: 6/6
  1423 | D:2      | HP: 3/25 [goblin/+0 dagger[Robin] (4)]
  1428 | D:2      | HP: 4/25 [Robin/+0 trident (4)]
  1429 | D:2      | Killed Robin
  1581 | D:2      | 1581 ||| UPGRADING to +0 cloak.
  1586 | D:2      | 1586 ||| UPGRADING to +0 ring mail.
  1596 | D:2      | 1596 ||| DROPPING +0 leather armour.
  1597 | D:2      | 1597 ||| UPGRADING to +0 helmet.
  1602 | D:2      | 1602 ||| READING scroll labelled JYSOSUTUAC.
  1799 | D:3      | Reached skill level 8 in Ranged Weapons
  1807 | D:3      | Reached XP level 5. HP: 11/29 MP: 7/7
  1881 | D:3      | HP: 6/29 [iguana (10)]
  1882 | D:3      | Slain by an iguana

Levels and vault maps discovered:
D:1:      matt_arrival_diagonals, layout_basic, nicolae_ecumenical_lake_church
D:2:      layout_basic, uniq_robin
D:3:      layout_basic, kiku_gazebo_pond_becter

Skill      XL: |  1  2  3  4 |
---------------+-------------+-----
Ranged Weapons | 6 7 8 |  8.6
Fighting       | |  1.5
Dodging        | |  2.4
Stealth        | |  1.2

Action                     |  1- 3 |  4- 6 || total
---------------------------+-------+-------++-------
   Fire: Shortbow          |   122 |    60 ||   182
    Use: Potion            |     1 |       ||     1
         Scroll            |       |     1 ||     1
 Armour: Leather armour    |    13 |       ||    13
         Ring mail         |       |    17 ||    17
  Dodge: Dodged            |    47 |    29 ||    76

Table legend:
 A = Non-vault XP
 B = Vault XP
 C = Vault XP percentage of total XP
 D = Non-vault monster count
 E = Vault monster count
 F = Vault count percentage of total count
                 A         B        C        D         E       F
            +---------+---------+-------+---------+---------+-------
      Total |     207 |      27 |  11.5 |      55 |       7 |  11.3
            +---------+---------+-------+---------+---------+-------
        D:1 |      35 |       0 |   0.0 |      21 |       0 |   0.0
        D:2 |      52 |      27 |  34.2 |      15 |       7 |  31.8
        D:3 |     120 |       0 |   0.0 |      19 |       0 |   0.0
            +---------+---------+-------+---------+---------+-------
